[Event "Titled Tuesday Blitz May 11 2021"]
[White "Alavi, Sayed Javad"]
[Black "Kollars, Dmitrij"]
[WhiteFideId "12500607"]
[BlackFideId "12909572"]
[WhiteElo "2495"]
[BlackElo "2576"]
[Result "0-1"]
[Round "03"]
[TimeControl "180+1"]
[Date "2021.05.11"]
[WhiteClock "0:00:01"]
[BlackClock "0:00:23"]

1. e4 c6 2. d4 d5 3. exd5 cxd5 4. Bd3 Nc6 5. c3 Nf6 6. Bf4 Bg4 7. Qb3 Qc8 8. Nd2 e6 9. Ngf3 Be7 10. O-O Nd7 11. Rfe1 O-O 12. a4 Bh5 13. a5 a6 14. Qc2 Bg6 15. Bxg6 hxg6 16. Qd3 Re8 17. b4 Bf6 18. Nb3 e5 19. dxe5 Ndxe5 20. Nxe5 Nxe5 21. Qxd5 Rd8 22. Qe4 Nd3 23. Red1 Qxc3 24. Nc5 Nxc5 25. bxc5 Qxc5 26. Rac1 Bb2 27. Rb1 Bd4 28. Bg3 Rd7 29. Rbc1 Qd5 30. Qxd5 Rxd5 31. Kf1 Rad8 32. Rb1 Bc3 33. Rxd5 Rxd5 34. Rxb7 Rxa5 35. Rb8+ Kh7 36. Ra8 Ra2 37. h4 a5 38. Ra7 f6 39. Ra6 a4 40. Bd6 Bd4 41. f3 Be3 0-1


[Site "https://www.chess.com"]

[Event "Titled Tuesday Blitz May 11 2021"]
[White "AldokhinIvan"]
[Black "Wagner, Dennis"]
[BlackFideId "24650684"]
[WhiteElo "2573"]
[BlackElo "2355"]
[Result "0-1"]
[Round "03"]
[TimeControl "180+1"]
[Date "2021.05.11"]
[WhiteClock "0:00:05"]
[BlackClock "0:00:15"]

1. e4 e5 2. Nf3 Nc6 3. Bb5 a6 4. Ba4 Nf6 5. O-O b5 6. Bb3 Bc5 7. Nxe5 Nxe5 8. d4 Bxd4 9. Qxd4 d6 10. f4 Nc6 11. Qc3 Ne7 12. e5 Ne4 13. Qe1 Nc5 14. f5 Nxb3 15. axb3 dxe5 16. f6 gxf6 17. Rxf6 Ng6 18. Bg5 Qd4+ 19. Be3 Qh4 20. Qxh4 Nxh4 21. Nc3 Bb7 22. g3 Nf3+ 23. Kf2 Nxh2 24. Rf5 Ng4+ 25. Ke2 h5 26. Raf1 Bg2 27. Rg1 Bh3 28. Bg5 Rg8 29. Nd5 Kd7 30. Bh4 Ke6 31. Ne3 Nxe3 32. Rf6+ Kd5 33. Kxe3 Be6 34. Rd1+ Kc6 35. c4 bxc4 36. bxc4 Rab8 37. Rd2 Rb3+ 38. Ke4 Rg4+ 39. Kxe5 Re3# 0-1


[Site "https://www.chess.com"]

[Event "Titled Tuesday Blitz May 11 2021"]
[White "Artemiev, Vladislav"]
[Black "Postny, Evgeny"]
[WhiteFideId "24101605"]
[BlackFideId "2804344"]
[WhiteElo "3096"]
[BlackElo "2717"]
[Result "1-0"]
[Round "03"]
[TimeControl "180+1"]
[Date "2021.05.11"]
[WhiteClock "0:00:22"]
[BlackClock "0:00:01"]

1. Nf3 d5 2. e3 c5 3. b3 Nf6 4. Bb2 g6 5. c4 dxc4 6. Bxc4 Bg7 7. O-O O-O 8. d4 cxd4 9. Nxd4 a6 10. Nd2 Bd7 11. Be2 Nc6 12. Bf3 Nxd4 13. Bxd4 Bb5 14. Re1 Qd7 15. a4 Bc6 16. Nc4 Bxf3 17. Qxf3 Qd5 18. Rac1 Qxf3 19. gxf3 Nd5 20. Red1 Rad8 21. Bxg7 Kxg7 22. Na5 Nb4 23. Nxb7 Rxd1+ 24. Rxd1 Rc8 25. Rd4 Rc1+ 26. Kg2 Nc2 27. Rc4 Ne1+ 28. Kg3 Rb1 29. Rc3 h5 30. h4 Rb2 31. Nc5 a5 32. Nb7 f6 33. f4 g5 34. fxg5 fxg5 35. hxg5 h4+ 36. Kxh4 Rxf2 37. Nxa5 Rg2 38. Kh3 Rxg5 39. Nc6 Nf3 40. e4 Nd2 41. Rg3 Rxg3+ 42. Kxg3 Nxb3 43. a5 1-0


[Site "https://www.chess.com"]

[Event "Titled Tuesday Blitz May 11 2021"]
[White "Ashiev, Eduard"]
[Black "Ortiz Suarez, Isan Reynaldo"]
[WhiteFideId "4130090"]
[BlackFideId "3507165"]
[WhiteElo "2106"]
[BlackElo "2539"]
[Result "0-1"]
[Round "03"]
[TimeControl "180+1"]
[Date "2021.05.11"]
[WhiteClock "0:00:01"]
[BlackClock "0:00:50"]

1. d4 Nf6 2. Nf3 e6 3. c4 b6 4. a3 Bb7 5. Nc3 d5 6. Bg5 Be7 7. Qa4+ c6 8. e3 O-O 9. Rd1 Nbd7 10. cxd5 exd5 11. Bd3 h6 12. Bf4 Re8 13. O-O Nf8 14. h3 Ne6 15. Bh2 Ng5 16. Ne5 b5 17. Qc2 Rc8 18. Bf5 Ra8 19. f4 Ngh7 20. g4 a5 21. g5 hxg5 22. fxg5 Nxg5 23. Kh1 b4 24. Rg1 Nfe4 25. Nxe4 dxe4 26. h4 Nf3 27. Nxf3 exf3 28. Bh7+ Kf8 29. Rg4 c5 30. e4 cxd4 31. Rdg1 d3 32. Rxg7 Bd6 33. Rxf7+ Kxf7 34. Qc4+ Kf6 35. Rg6+ Ke7 0-1


[Site "https://www.chess.com"]

[Event "Titled Tuesday Blitz May 11 2021"]
[White "Banawa, Joel"]
[Black "Sztokbant, Bernardo Vainzoff"]
[WhiteFideId "2024055"]
[BlackFideId "2115956"]
[WhiteElo "2714"]
[BlackElo "2264"]
[Result "1-0"]
[Round "03"]
[TimeControl "180+1"]
[Date "2021.05.11"]
[WhiteClock "0:00:08"]
[BlackClock "0:00:01"]

1. e4 c6 2. d4 d5 3. Nc3 dxe4 4. Nxe4 Nf6 5. Nxf6+ exf6 6. c3 Bd6 7. Bd3 O-O 8. Qc2 h5 9. Ne2 Re8 10. Be3 Nd7 11. Ng3 h4 12. Nf5 Bf4 13. Kd2 Bxe3+ 14. fxe3 Nc5 15. Nxh4 Nxd3 16. Qxd3 g6 17. Nxg6 fxg6 18. Qxg6+ Kf8 19. Raf1 Re6 20. Qh6+ Ke7 21. e4 Qf8 22. Qf4 Qg7 23. g4 Qg5 24. h4 Qxf4+ 25. Rxf4 Bd7 26. Ke3 Rg8 27. Kf3 Rd6 28. Rg1 b5 29. b3 a5 30. Ke3 Rg7 31. c4 bxc4 32. bxc4 Bc8 33. c5 Rd8 34. a3 Rdg8 35. Kf3 Rh8 36. Rh1 Rgh7 37. h5 Rg7 38. e5 fxe5 39. Re1 Rg5 40. dxe5 Rd8 41. Kg3 Rd3+ 42. Kh4 Rg8 43. e6 Rd5 44. Rf7+ Ke8 45. Rc7 Kd8 46. Rxc6 Rd4 47. Rd6+ Rxd6 48. cxd6 Re8 49. d7 Bxd7 50. h6 Rh8 51. exd7 Rxh6+ 52. Kg5 Rd6 53. Re5 Kxd7 54. Rxa5 Rd3 55. Kh4 Kc7 56. a4 Rd1 57. Rf5 Ra1 58. Rf4 Kd7 59. g5 Ke6 60. g6 Rg1 61. Rg4 Rh1+ 62. Kg5 Ke7 63. Re4+ Kf8 64. Rf4+ Kg8 65. Kf6 Rb1 66. Re4 Rb6+ 67. Re6 Rb8 68. a5 Ra8 69. a6 Rb8 70. a7 Rf8+ 71. Kg5 Ra8 72. Re7 Kf8 73. Rh7 Kg8 74. Rb7 Rxa7 75. Rxa7 Kh8 76. Kf6 1-0


[Site "https://www.chess.com"]

[Event "Titled Tuesday Blitz May 11 2021"]
[White "BeanScreen"]
[Black "Matthiesen, Martin"]
[BlackFideId "1404067"]
[WhiteElo "2710"]
[BlackElo "2337"]
[Result "1-0"]
[Round "03"]
[TimeControl "180+1"]
[Date "2021.05.11"]
[WhiteClock "0:00:49"]
[BlackClock "0:00:08"]

1. e4 c6 2. d4 d5 3. exd5 cxd5 4. Bd3 Nc6 5. c3 Nf6 6. Bf4 Bg4 7. Qb3 Qd7 8. Nd2 e6 9. Ngf3 Bd6 10. Bxd6 Qxd6 11. O-O O-O 12. Rfe1 Bh5 13. Ne5 Bg6 14. Bxg6 hxg6 15. f4 Ne7 16. Re3 Nh5 17. Rf1 f6 18. Nd3 f5 19. Ne5 Nf6 20. Rh3 Ne4 21. Qd1 Rf6 22. Qe1 Nxd2 23. Qxd2 Kf8 24. Qf2 Ke8 25. Rh8+ Rf8 26. Rxf8+ Kxf8 27. Qh4 Kg8 28. Rf3 g5 29. fxg5 Kf8 30. Qh5 1-0


[Site "https://www.chess.com"]

[Event "Titled Tuesday Blitz May 11 2021"]
[White "Bellahcene, Bilel"]
[Black "Abdrlauf, Elham"]
[WhiteFideId "696358"]
[BlackFideId "1533533"]
[WhiteElo "2493"]
[BlackElo "2326"]
[Result "1-0"]
[Round "03"]
[TimeControl "180+1"]
[Date "2021.05.11"]
[WhiteClock "0:00:24"]
[BlackClock "0:00:01"]

1. e4 c6 2. d4 d5 3. f3 e6 4. Nc3 Nf6 5. e5 Nfd7 6. f4 c5 7. Nf3 Nc6 8. Be3 Be7 9. Qd2 a6 10. dxc5 Nxc5 11. O-O-O b5 12. Qf2 b4 13. Nxd5 exd5 14. Bxc5 O-O 15. Kb1 Bf5 16. Bd3 Qd7 17. Bxf5 Qxf5 18. Bxe7 Nxe7 19. Nd4 Qd7 20. f5 Nc6 21. Nxc6 Qxc6 22. Rd2 Rfe8 23. Qd4 Qc7 24. Re1 a5 25. e6 fxe6 26. fxe6 Rad8 27. Rde2 Qxh2 28. Re5 Rd6 29. e7 Rd7 30. g4 h6 31. g5 Rdxe7 32. Rxe7 Rxe7 33. Qxd5+ Kh7 34. Qd3+ g6 35. Rxe7+ 1-0


[Site "https://www.chess.com"]

[Event "Titled Tuesday Blitz May 11 2021"]
[White "Belous, Vladimir"]
[Black "Vovk, Orest"]
[WhiteFideId "4174003"]
[BlackFideId "14113490"]
[WhiteElo "2583"]
[BlackElo "2203"]
[Result "1-0"]
[Round "03"]
[TimeControl "180+1"]
[Date "2021.05.11"]
[WhiteClock "0:01:33"]
[BlackClock "0:00:05"]

1. c4 Nc6 2. Nc3 Nf6 3. Nf3 d5 4. cxd5 Nxd5 5. g3 g6 6. h4 Bg4 7. Bg2 Bg7 8. Qa4 Nxc3 9. Qxg4 Nd5 10. h5 Nf6 11. Qg5 Ne4 12. Qf4 f5 13. hxg6 hxg6 14. Rxh8+ Bxh8 15. Qh6 Kf7 16. d3 Bg7 17. Qh7 Nb4 18. Bh6 Qh8 19. Ne5+ Ke6 20. Qxg6+ Bf6 21. Qf7+ Kxe5 22. Bf4+ Kd4 23. Qc4# 1-0


[Site "https://www.chess.com"]

[Event "Titled Tuesday Blitz May 11 2021"]
[White "Borsuk, Konstantin"]
[Black "Dubov, Daniil"]
[WhiteFideId "14113406"]
[BlackFideId "24126055"]
[WhiteElo "2363"]
[BlackElo "2722"]
[Result "1/2-1/2"]
[Round "03"]
[TimeControl "180+1"]
[Date "2021.05.11"]
[WhiteClock "0:00:07"]
[BlackClock "0:00:05"]

1. d4 Nf6 2. c4 e6 3. Nc3 c5 4. d5 exd5 5. cxd5 d6 6. Nf3 g6 7. g3 Bg7 8. Bg2 O-O 9. O-O Re8 10. Nd2 a6 11. a4 Nbd7 12. Nc4 Ne5 13. Na3 Bd7 14. Rb1 Rc8 15. Bd2 h5 16. b4 c4 17. Bg5 Bf5 18. e4 Bg4 19. Qd2 Qd7 20. f3 Bh3 21. Nc2 Nd3 22. Ne1 Bxg2 23. Kxg2 Nh7 24. Be3 f5 25. Nxd3 cxd3 26. Rbc1 Rc4 27. Qxd3 Rec8 28. Ne2 fxe4 29. fxe4 Rxc1 30. Rxc1 Rxc1 31. Bxc1 Qxa4 32. Nf4 Nf8 33. Bd2 Qa2 34. Kh3 Qb2 35. Ne6 Nxe6 36. dxe6 Qe5 37. Qd5 Kf8 38. Bf4 Qxd5 39. exd5 Ke7 40. Bd2 Bf8 41. Kg2 Kf6 42. Kf3 Kf5 43. h3 Be7 44. Bc3 g5 45. g4+ hxg4+ 46. hxg4+ Kg6 47. Ke4 b5 48. Bd4 Bd8 49. Ba7 Be7 50. Bb8 Kf6 51. Bc7 Kg6 52. Bb6 Kf6 53. Bd4+ Kg6 54. Bb6 Kf6 55. Bd4+ Kg6 56. Bb6 1/2-1/2


[Site "https://www.chess.com"]

[Event "Titled Tuesday Blitz May 11 2021"]
[White "Budrewicz, Krzysztof"]
[Black "Svane, Rasmus"]
[WhiteFideId "1127950"]
[BlackFideId "4657101"]
[WhiteElo "2276"]
[BlackElo "2669"]
[Result "0-1"]
[Round "03"]
[TimeControl "180+1"]
[Date "2021.05.11"]
[WhiteClock "0:00:40"]
[BlackClock "0:01:35"]

1. d4 d5 2. c4 e6 3. cxd5 exd5 4. Nc3 c6 5. Qc2 Nf6 6. Bg5 Be6 7. e3 Bd6 8. Bd3 Nbd7 9. Nge2 Rc8 10. Bh4 a6 11. Bg3 Qc7 12. O-O O-O 13. Rac1 Rfe8 14. Rfe1 h6 15. a3 Qb8 16. Bxd6 Qxd6 17. Ng3 Red8 18. Nf5 Qf8 19. h3 Ne8 20. Qe2 Ndf6 21. Bb1 Rc7 22. Qf3 Bxf5 23. Qxf5 Nd6 24. Qf3 Re7 25. Bd3 Rde8 26. Red1 Re6 27. Bf5 Nxf5 28. Qxf5 R8e7 29. Na4 Ne8 30. Nc5 Rf6 31. Qg4 Rg6 32. Qf3 Nd6 33. a4 Qe8 34. b3 Rf6 35. Qe2 g6 36. Nd3 Kg7 37. Qd2 Qd7 38. Ne5 Qf5 39. Qc2 Qg5 40. f4 Qf5 41. Qxf5 Nxf5 42. Kf2 Rfe6 43. g4 Nd6 44. Rd3 Re8 45. a5 R6e7 46. Kf3 f6 47. Nxc6 Rc7 48. Rdc3 Rec8 0-1


[Site "https://www.chess.com"]

[Event "Titled Tuesday Blitz May 11 2021"]
[White "Chigaev, Maksim"]
[Black "Nitin, S."]
[WhiteFideId "4108116"]
[BlackFideId "5018277"]
[WhiteElo "2646"]
[BlackElo "2431"]
[Result "1-0"]
[Round "03"]
[TimeControl "180+1"]
[Date "2021.05.11"]
[WhiteClock "0:00:15"]
[BlackClock "0:00:31"]

1. e4 c5 2. Nf3 d6 3. c3 Nf6 4. g3 Nbd7 5. d3 g6 6. Bg2 Bg7 7. O-O O-O 8. Re1 e5 9. a4 Re8 10. Na3 Nf8 11. Bg5 h6 12. Bxf6 Bxf6 13. Nd2 Bg7 14. Ndc4 a6 15. a5 Rb8 16. Nc2 Be6 17. h4 h5 18. N2e3 Nh7 19. Qb3 Nf6 20. Qb6 Qxb6 21. axb6 Red8 22. Nd5 Bxd5 23. exd5 Bf8 24. Reb1 Re8 25. b4 cxb4 26. cxb4 Rec8 27. b5 axb5 28. Rxb5 Nd7 29. Ra7 Nc5 30. Bf1 f5 31. Na5 Be7 32. Kg2 Kf7 33. Be2 Kf6 34. Nc4 Bf8 35. f4 exf4 36. gxf4 Be7 37. Na5 Kf7 38. d4 Ne4 39. Rb2 Bxh4 40. Nxb7 Bf6 41. Nxd6+ Kf8 42. Nxc8 Rxc8 43. b7 1-0


[Site "https://www.chess.com"]

[Event "Titled Tuesday Blitz May 11 2021"]
[White "Costachi, Mihnea"]
[Black "Calin, Alexandru"]
[WhiteFideId "1217518"]
[BlackFideId "1222961"]
[WhiteElo "2479"]
[BlackElo "1993"]
[Result "1-0"]
[Round "03"]
[TimeControl "180+1"]
[Date "2021.05.11"]
[WhiteClock "0:01:14"]
[BlackClock "0:00:03"]

1. a3 d6 2. Nf3 e5 3. g3 f5 4. Bg2 Nf6 5. O-O Be7 6. b4 O-O 7. Bb2 Be6 8. d3 c6 9. c4 Nbd7 10. Nc3 Kh8 11. Qc2 a6 12. a4 d5 13. c5 d4 14. Nb1 Nd5 15. Ba3 a5 16. b5 Nb4 17. Qb2 Bxc5 18. Nbd2 cxb5 19. axb5 Rc8 20. Rfc1 b6 21. Nc4 Qf6 22. h4 Bxc4 23. Rxc4 Nd5 24. Bxc5 Rxc5 25. Rxc5 Nxc5 26. Nxd4 exd4 27. Bxd5 Qe5 28. Bf3 f4 29. Kg2 fxg3 30. fxg3 Rf6 31. Rf1 h5 32. Bc6 Rxf1 33. Kxf1 Qe3 34. Kg2 a4 35. Qa2 a3 36. Bf3 Qc1 37. Qf7 Qh6 38. Bd5 g6 39. Qg8# 1-0


[Site "https://www.chess.com"]

[Event "Titled Tuesday Blitz May 11 2021"]
[White "Dang, Hoang Son"]
[Black "Sumaneev, Dmitry"]
[WhiteFideId "12402435"]
[BlackFideId "4125312"]
[WhiteElo "2248"]
[BlackElo "2510"]
[Result "1-0"]
[Round "03"]
[TimeControl "180+1"]
[Date "2021.05.11"]
[WhiteClock "0:02:59"]
[BlackClock "0:02:48"]

1. d4 Nf6 2. c4 c5 3. d5 b5 4. cxb5 a6 5. bxa6 g6 6. Nc3 Bxa6 7. e4 Bxf1 8. Kxf1 d6 9. g3 Nbd7 10. Kg2 Bg7 11. Nf3 O-O 12. Qe2 Ra6 13. Qxa6 1-0


[Site "https://www.chess.com"]

[Event "Titled Tuesday Blitz May 11 2021"]
[White "Dardha, Daniel"]
[Black "Senthil Maran K"]
[WhiteFideId "240990"]
[BlackFideId "25035681"]
[WhiteElo "2489"]
[BlackElo "2194"]
[Result "1-0"]
[Round "03"]
[TimeControl "180+1"]
[Date "2021.05.11"]
[WhiteClock "0:02:00"]
[BlackClock "0:00:12"]

1. d4 d5 2. Bf4 Nf6 3. e3 c6 4. Nd2 Bf5 5. Ngf3 e6 6. c4 Nbd7 7. h3 h6 8. Be2 Be7 9. O-O O-O 10. a3 a5 11. c5 b6 12. b4 b5 13. a4 bxa4 14. b5 cxb5 15. Bxb5 Nb8 16. Qxa4 Ne4 17. Rfc1 Nxd2 18. Nxd2 Na6 19. Qxa5 Qxa5 20. Rxa5 Nb4 21. Rxa8 Rxa8 22. Bd6 Bxd6 23. cxd6 Nd3 24. Bxd3 Bxd3 25. d7 Ba6 26. Ra1 Kf8 27. Rxa6 Rd8 28. Ra7 Ke7 29. Nb3 Rxd7 30. Rxd7+ Kxd7 31. Kf1 Kc6 32. Ke2 f6 33. Nc5 e5 34. Nd3 Kd6 35. f3 g5 36. dxe5+ fxe5 37. e4 dxe4 38. fxe4 h5 39. Ne1 Kc5 40. Nf3 g4 41. hxg4 hxg4 42. Nxe5 Kd4 43. Nxg4 Kxe4 44. Kf2 Kf4 45. Ne3 Kg5 46. g3 Kh5 47. Kf3 Kg5 48. g4 Kh4 49. Kf4 Kh3 50. g5 Kh4 51. g6 Kh5 52. g7 Kg6 53. g8=Q+ Kf6 54. Nd5# 1-0


[Site "https://www.chess.com"]

[Event "Titled Tuesday Blitz May 11 2021"]
[White "Demchenko, Anton"]
[Black "Korchmar, Vasiliy"]
[WhiteFideId "4160258"]
[BlackFideId "24131750"]
[WhiteElo "2593"]
[BlackElo "2370"]
[Result "1-0"]
[Round "03"]
[TimeControl "180+1"]
[Date "2021.05.11"]
[WhiteClock "0:02:33"]
[BlackClock "0:01:31"]

1. e4 c5 2. Nf3 d6 3. d4 cxd4 4. Qxd4 Nc6 5. Qe3 Nf6 6. h3 g6 7. Nc3 Bg7 8. Bc4 O-O 9. O-O Bd7 10. Rd1 Rc8 11. Qe2 Na5 12. Bd3 a6 13. e5 dxe5 14. Nxe5 Qb6 15. Nxd7 Nxd7 16. Nd5 Qb4 17. Nxb4 1-0


[Site "https://www.chess.com"]

[Event "Titled Tuesday Blitz May 11 2021"]
[White "Diaz Camallonga, Carles"]
[Black "Maevsky, Nikolay"]
[WhiteFideId "22235256"]
[BlackFideId "4198220"]
[WhiteElo "2438"]
[BlackElo "2282"]
[Result "1-0"]
[Round "03"]
[TimeControl "180+1"]
[Date "2021.05.11"]
[WhiteClock "0:01:04"]
[BlackClock "0:00:14"]

1. e4 c6 2. Nc3 d5 3. Nf3 Bg4 4. Be2 e6 5. d4 Nf6 6. e5 Nfd7 7. Ng5 Bxe2 8. Qxe2 Be7 9. Qh5 Bxg5 10. Bxg5 Qb6 11. O-O-O c5 12. Nxd5 exd5 13. e6 O-O 14. exd7 Nxd7 15. dxc5 Nxc5 16. Be3 Qc7 17. Rxd5 Ne6 18. Rhd1 Rac8 19. c3 Qc4 20. a3 Qb3 21. Rb5 Qa2 22. Qd5 Qxd5 23. Rbxd5 b6 24. Rd7 Rc7 25. Rxc7 Nxc7 26. Rd7 Rc8 27. Bf4 Ne6 28. Bg3 a5 29. Rb7 Rc6 30. Rb8+ Nf8 31. Rd8 f6 32. Bd6 Rxd6 33. Rxd6 b5 34. Rd5 Ne6 35. Rxb5 a4 36. Rb4 Nc5 37. Kc2 Kf7 38. Rc4 Ne6 39. Rxa4 g5 40. Rc4 1-0


[Site "https://www.chess.com"]

[Event "Titled Tuesday Blitz May 11 2021"]
[White "Dobrov, Vladimir"]
[Black "Gracia Alvarez, Gerardo Antonio"]
[WhiteFideId "4136594"]
[BlackFideId "5109124"]
[WhiteElo "2614"]
[BlackElo "2148"]
[Result "1-0"]
[Round "03"]
[TimeControl "180+1"]
[Date "2021.05.11"]
[WhiteClock "0:01:31"]
[BlackClock "0:00:57"]

1. d4 Nf6 2. c4 c5 3. d5 b5 4. Qc2 b4 5. e4 d6 6. Bd3 g6 7. f4 Bg7 8. Nf3 O-O 9. O-O e6 10. Kh1 exd5 11. cxd5 Re8 12. Nbd2 Ba6 13. Rb1 Bxd3 14. Qxd3 Nbd7 15. b3 a5 16. Bb2 Nb6 17. f5 a4 18. fxg6 hxg6 19. Ng5 axb3 20. axb3 Nbd7 21. Qh3 Ne5 22. Nc4 Ra2 23. Bxe5 dxe5 24. Rf3 Nh5 25. Nxf7 Qe7 26. d6 1-0


[Site "https://www.chess.com"]

[Event "Titled Tuesday Blitz May 11 2021"]
[White "Dong, Bao Nghia"]
[Black "Debashis, Das"]
[WhiteFideId "12400343"]
[BlackFideId "5024854"]
[WhiteElo "2409"]
[BlackElo "2470"]
[Result "0-1"]
[Round "03"]
[TimeControl "180+1"]
[Date "2021.05.11"]
[WhiteClock "0:00:08"]
[BlackClock "0:00:08"]

1. d4 Nf6 2. Bf4 g6 3. e3 Bg7 4. h3 O-O 5. Nf3 d6 6. Bc4 Nbd7 7. O-O Qe8 8. c3 e5 9. Bh2 e4 10. Nfd2 Qe7 11. a4 Re8 12. b4 h5 13. a5 Nh7 14. f4 exf3 15. Qxf3 Ng5 16. Qf2 Nf6 17. Bf4 Nge4 18. Nxe4 Nxe4 19. Qa2 Be6 20. Bxe6 Qxe6 21. Qxe6 Rxe6 22. b5 a6 23. b6 cxb6 24. axb6 Rc8 25. Rc1 d5 26. Rxa6 bxa6 27. b7 Rce8 28. b8=Q Rxb8 29. Bxb8 Rb6 30. Bf4 a5 31. c4 dxc4 32. Na3 c3 33. Nc4 Rb5 34. Kf1 g5 35. Bd6 Bf8 36. Bxf8 Kxf8 37. Ke2 a4 38. Kd3 f5 39. Ra1 Rb4 40. d5 c2 41. Na3 Rb3+ 42. Kxc2 Rc3+ 43. Kb2 Rxe3 44. Nb5 Rb3+ 45. Kc2 Rxb5 0-1


[Site "https://www.chess.com"]

[Event "Titled Tuesday Blitz May 11 2021"]
[White "Drygalov, Sergey"]
[Black "Korkmaz, Necmettin"]
[WhiteFideId "24171743"]
[BlackFideId "6303285"]
[WhiteElo "2538"]
[BlackElo "2094"]
[Result "1-0"]
[Round "03"]
[TimeControl "180+1"]
[Date "2021.05.11"]
[WhiteClock "0:01:19"]
[BlackClock "0:00:40"]

1. d4 d5 2. c4 e5 3. dxe5 d4 4. Bf4 Nc6 5. Nf3 Nge7 6. a3 h6 7. Nbd2 g5 8. Bg3 Bg7 9. Ne4 Nf5 10. e3 dxe3 11. Qxd8+ Nxd8 12. fxe3 Nxe3 13. Bd3 Nxg2+ 14. Kf2 Nf4 15. Bxf4 gxf4 16. Nf6+ Bxf6 17. exf6 Ne6 18. Ne5 Rf8 19. Rhe1 Bd7 20. Rad1 O-O-O 21. Bf5 c5 22. Nxd7 Rxd7 23. Rxe6 fxe6 24. Bxe6 Rxf6 25. Bxd7+ Kc7 26. Bg4 Rd6 27. Rxd6 Kxd6 28. Kf3 Ke5 29. Bc8 b6 30. h4 Kd4 31. Be6 Kd3 32. Kxf4 Kc2 33. b4 Kb3 34. b5 Kxa3 35. Kf5 Ka4 36. Kg6 Ka5 37. Kxh6 a6 38. bxa6 Kxa6 39. Bd7 b5 40. Bxb5+ 1-0


[Site "https://www.chess.com"]

[Event "Titled Tuesday Blitz May 11 2021"]
[White "Eden, James"]
[Black "Shipov, Sergei"]
[WhiteFideId "666491"]
[BlackFideId "4113624"]
[WhiteElo "2176"]
[BlackElo "2748"]
[Result "1/2-1/2"]
[Round "03"]
[TimeControl "180+1"]
[Date "2021.05.11"]
[WhiteClock "0:00:05"]
[BlackClock "0:00:08"]

1. e4 e6 2. d4 d5 3. Nc3 Bb4 4. e5 c5 5. Bd2 Nh6 6. Nb5 Bxd2+ 7. Qxd2 O-O 8. f4 Nc6 9. Nf3 Nf5 10. dxc5 b6 11. Nbd4 Ncxd4 12. Nxd4 bxc5 13. Nxf5 exf5 14. O-O-O Be6 15. c4 dxc4 16. Qxd8 Rfxd8 17. Rxd8+ Rxd8 18. Be2 Rd4 19. g3 h6 20. Rd1 g5 21. Rf1 Kg7 22. Kc2 f6 23. exf6+ Kxf6 24. Kc3 Re4 25. Rf2 a5 26. Bf1 Re1 27. Kd2 Ra1 28. a3 g4 29. Be2 h5 30. Rf1 Rxf1 31. Bxf1 h4 32. Kc3 hxg3 33. hxg3 Ke7 34. Bxc4 Bd7 35. Bd5 Kd6 36. Bf7 Bb5 37. Bc4 Bc6 38. Kb3 Bd7 39. Kc3 Kc6 40. Bb3 Kd6 41. Bc2 Kd5 42. Bd3 Bc8 43. Bb1 Bd7 44. Kd3 Bb5+ 45. Ke3 Bd7 46. Ba2+ Kd6 47. Bc4 Bc8 48. Kd3 Bd7 49. Ba6 Be6 50. Bb5 Bc8 51. Kc3 Be6 52. Ba6 Kc6 53. Bc4 Bd7 54. Kb3 Kd6 55. Bd3 Kd5 56. Kc3 Kd6 57. Bc2 Kd5 58. Bd3 1/2-1/2


[Site "https://www.chess.com"]

[Event "Titled Tuesday Blitz May 11 2021"]
[White "Estrada Nieto, Julian"]
[Black "Pantsulaia, Levan"]
[WhiteFideId "5101018"]
[BlackFideId "13602071"]
[WhiteElo "2270"]
[BlackElo "2530"]
[Result "0-1"]
[Round "03"]
[TimeControl "180+1"]
[Date "2021.05.11"]
[WhiteClock "0:00:01"]
[BlackClock "0:00:19"]

1. e4 c5 2. Nf3 e6 3. c3 Nf6 4. e5 Nd5 5. Bc4 Nc7 6. d4 b5 7. Bd3 Bb7 8. O-O a6 9. Nbd2 c4 10. Bc2 d5 11. exd6 Bxd6 12. Ne4 Nd5 13. Re1 Nc6 14. Bg5 Nce7 15. a4 h6 16. Bh4 O-O 17. Bg3 Bxg3 18. hxg3 Bc6 19. Ne5 Qc7 20. Qh5 Be8 21. Qf3 b4 22. Nc5 a5 23. Nxc4 bxc3 24. bxc3 Rb8 25. Qd3 Ng6 26. Rab1 Rxb1 27. Rxb1 Nf6 28. Ne3 Qc8 29. Qa6 Qd8 30. Qb6 Qa8 31. Qb7 Qd8 32. Qa7 Nd5 33. Nxd5 Qxd5 34. Be4 Qa2 35. Qxa5 f5 36. Bd3 Qd2 0-1


[Site "https://www.chess.com"]

[Event "Titled Tuesday Blitz May 11 2021"]
[White "Eynullayev, Atilla"]
[Black "Jones, Gawain C B"]
[WhiteFideId "13413570"]
[BlackFideId "409561"]
[WhiteElo "1997"]
[BlackElo "2657"]
[Result "0-1"]
[Round "03"]
[TimeControl "180+1"]
[Date "2021.05.11"]
[WhiteClock "0:00:03"]
[BlackClock "0:01:40"]

1. d4 Nf6 2. Bf4 c5 3. e3 g6 4. Nf3 Bg7 5. c3 b6 6. h3 Bb7 7. Be2 d6 8. Nbd2 Nbd7 9. O-O O-O 10. a4 cxd4 11. exd4 e5 12. dxe5 dxe5 13. Nxe5 Nd5 14. Nxd7 Nxf4 15. Nxf8 Qg5 16. Bg4 Bxg2 17. Nf3 Nxh3+ 18. Kxg2 Qxg4+ 19. Kh2 Nf4 20. Ne1 Qh3+ 21. Kg1 Be5 22. f3 Qg3+ 23. Kh1 Qh4+ 24. Kg1 Nh3+ 25. Kh1 Nf2+ 0-1


[Site "https://www.chess.com"]

[Event "Titled Tuesday Blitz May 11 2021"]
[White "Fernandez, Michael"]
[Black "Salinas Herrera, Pablo"]
[WhiteFideId "5803560"]
[BlackFideId "3407128"]
[WhiteElo "2110"]
[BlackElo "2541"]
[Result "0-1"]
[Round "03"]
[TimeControl "180+1"]
[Date "2021.05.11"]
[WhiteClock "0:00:05"]
[BlackClock "0:00:07"]

1. e4 c5 2. Nf3 e6 3. b4 cxb4 4. d4 d5 5. e5 Nc6 6. a3 bxa3 7. c3 a6 8. Bd3 f5 9. Bxa3 Bxa3 10. Nxa3 Bd7 11. O-O b5 12. Bxb5 axb5 13. Nxb5 Rxa1 14. Qxa1 Kf7 15. Nd6+ Kg6 16. g3 h6 17. Nh4+ Kh7 18. Nf7 Qe8 19. Nxh8 Kxh8 20. Rb1 Nce7 21. Qa3 Kh7 22. Rb7 Bc6 23. Rc7 Bb5 24. Qd6 Ng6 25. Nf3 Be2 26. Nd2 Qa4 27. Qd7 Qd1+ 28. Kg2 N6e7 29. Qxe6 Qxd2 30. Rxe7 Nxe7 31. Qxe7 Bd3 32. Qh4 Be4+ 33. Kh3 Qe2 34. Qf4 Qf1+ 35. Kh4 g5+ 36. Qxg5 hxg5+ 37. Kxg5 Qh3 0-1


[Site "https://www.chess.com"]

[Event "Titled Tuesday Blitz May 11 2021"]
[White "Goltsev, Dmitry"]
[Black "Klenburg, Michael"]
[WhiteFideId "24176710"]
[BlackFideId "14102072"]
[WhiteElo "2366"]
[BlackElo "2359"]
[Result "1-0"]
[Round "03"]
[TimeControl "180+1"]
[Date "2021.05.11"]
[WhiteClock "0:01:23"]
[BlackClock "0:00:08"]

1. e4 d6 2. Nf3 Nf6 3. Nc3 g6 4. d4 Bg7 5. h3 O-O 6. Be2 c6 7. a4 Qc7 8. O-O Nbd7 9. Re1 b6 10. Bg5 a6 11. Qd2 Bb7 12. Rad1 e5 13. dxe5 dxe5 14. Qd6 Qxd6 15. Rxd6 Rfe8 16. Red1 Re7 17. Bc4 b5 18. Bb3 Rc8 19. Bxf6 Nxf6 20. Ng5 Rf8 21. Rd8 h6 22. Nxf7 Rxf7 23. Rxf8+ Kxf8 24. Rd8+ Ke7 25. Rb8 Kd6 26. Bxf7 Kc7 27. Rxb7+ Kxb7 28. axb5 axb5 29. Bxg6 Bf8 30. Ne2 c5 31. Kf1 b4 32. b3 Kc6 33. f3 Kb5 34. Bf7 Ne8 35. Bxe8+ 1-0


[Site "https://www.chess.com"]

[Event "Titled Tuesday Blitz May 11 2021"]
[White "Grandelius, Nils"]
[Black "Saravana, Krishnan P."]
[WhiteFideId "1710400"]
[BlackFideId "5018382"]
[WhiteElo "2651"]
[BlackElo "2245"]
[Result "1-0"]
[Round "03"]
[TimeControl "180+1"]
[Date "2021.05.11"]
[WhiteClock "0:00:57"]
[BlackClock "0:00:04"]

1. Nf3 d5 2. g3 Nf6 3. Bg2 c6 4. O-O Bf5 5. c4 dxc4 6. a4 g6 7. Na3 Bg7 8. Nxc4 O-O 9. d3 Nbd7 10. a5 Qc7 11. Bf4 Qc8 12. Nd4 Bg4 13. a6 Nd5 14. axb7 Qxb7 15. Na5 Qxb2 16. Rb1 Qa2 17. Naxc6 Nc3 18. Qb3 Nxe2+ 19. Nxe2 Qxb3 20. Rxb3 Bxe2 21. Nxe7+ Kh8 22. Re1 Rae8 23. Rxe2 Bf6 24. Bd6 1-0


[Site "https://www.chess.com"]